 Dungeon Sprint DCSS version 0.30-a0-737-gf23d94013f (webtiles) character file.

Game seed: 6151195742883936884

450 sircluck the Shield-Bearer (level 6, -7/68 HPs)
             Began as a Troll Fighter on Feb 2, 2023.
             Shot with an arrow by a centaur warrior (24 damage)
             ... in the Dungeon (Sprint I: "Red Sonja").
             The game lasted 00:00:55 (154 turns).

sircluck the Shield-Bearer (Troll Fighter)           Turns: 154, Time: 00:00:56

Health: -7/68      AC:  4    Str: 27    XL:     6   Next: 74%
Magic:  5/5        EV: 10    Int:  4    God:
Gold:   172        SH:  9    Dex:  9    Spells: 5/5 levels left

rFire   . . .      SeeInvis .      - Unarmed
rCold   . . .      Faith    .    b - +0 kite shield
rNeg    . . .      Spirit   .    a - +0 robe
rPois   .          Reflect  .    (helmet restricted)
rElec   .          Harm     .    (no cloak)
rCorr   .          Rampage  .    (gloves unavailable)
Will    .....      NoTele   +    (boots unavailable)
Stlth   +                        (no amulet)
HPRegen 1.11/turn                (no ring)
MPRegen 0.09/turn                (no ring)

@: no status effects
A: large, unfitting armour, claws 3, regeneration 1, shaggy fur 1, tough skin 1
a: no special abilities


You were in the Dungeon.
You visited 1 branch You collected 172 gold pieces.

Inventory:

Missiles
 k - 3 stones (quivered)
Armour
 a - a +0 robe (worn)
 b - a +0 kite shield (worn)
Wands
 j - a wand of roots (1)
Scrolls
 i - a scroll of blinking
 l - 2 scrolls of identify {unknown}
Potions
 c - a potion of might
 d - a potion of curing
 e - a potion of heal wounds
 f - a potion of haste
 g - 2 potions of magic
 h - a potion of berserk rage


   Skills:
 + Level 6.9 Fighting
 + Level 7.0 Dodging
 + Level 7.2 Shields
 + Level 6.5 Unarmed Combat


You had 5 spell levels left.
You didn't know any spells.
Your spell library was empty.

Dungeon Overview and Level Annotations

Branches:
Dungeon (1/1)

Altars:
Makhleb
Sif Muna
Vehumet
Wu Jian
Xom
Jiyva
Lugonu


Innate Abilities, Weirdness & Mutations

You are too large for most types of armour.
You have claws for hands.
Your natural rate of healing is unusually fast.
You are covered in fur. (AC +1)
You have tough skin. (AC +1)


Message History

Found a radiant altar of Vehumet.
You see here 10 gold pieces.
The jelly hits you but does no damage.
You see here 3 stones.
k - 3 stones The jelly hits you but does no damage.
The jelly hits you but does no damage.
You scratch the jelly.
Your claws burn!
The jelly is lightly wounded.
The jelly hits you but does no damage.
You barely miss the jelly.
The jelly is lightly wounded.
You block the jelly's attack.
You claw the jelly!
You kill the jelly!
Your Dodging skill increases to level 7!
There is an ornate altar of the Wu Jian Council here.
You now have 172 gold pieces (gained 10).
There is a shimmering blue altar of Sif Muna here.
You open the door.
Found 2 scrolls labelled ZELUNO HOLIMI.
There is an open door here.
l - 2 scrolls labelled ZELUNO HOLIMI
There is an open door here.
There is a shimmering blue altar of Sif Muna here.
You open the door. 2 centaur warriors come into view.
The centaur warrior shouts!
The centaur warrior wields a +0 shortbow.
The centaur warrior shoots an arrow.
The arrow barely misses you.
You close the door.
There is a shimmering blue altar of Sif Muna here.
A centaur warrior opens the door.
The centaur warrior shoots an arrow.
The arrow hits you!!
The centaur warrior wields a +0 longbow.
The centaur warrior shoots an arrow.
The arrow hits you!!
* * * LOW HITPOINT WARNING * * *
The centaur warrior shoots an arrow.
The arrow barely misses you.
The centaur warrior shoots an arrow.
The arrow hits you!!
You die...

###################
#<.#..)..#.)'..#__#
#..').#..'..#..'..+
#..#####'#####'#__#
# #..# #..#
#.####:§# #..# ####
##§#c§§§§# #..#
#+#_.§c§~§ #⌠⌠#
+.@._#~~~cc# ####
#_.#'# +#### ##+#.#
###


You could see 2 centaur warriors.

Vanquished Creatures
  Sigmund (D)
  A slime creature (D)
  An ogre (D)
  A jelly (D)
  Ijyb (D)
5 creatures vanquished.

Notes
Turn   | Place    | Note
-------+----------+-------------------------------------------
     0 | D        | sircluck the Troll Fighter began the quest for the Orb.
     0 | D        | Reached XP level 1. HP: 22/22 MP: 0/0
     1 | D        | Noticed Ijyb
     9 | D        | Killed Ijyb
    10 | D        | Reached XP level 2. HP: 28/31 MP: 1/1
    16 | D        | Noticed an ogre
    22 | D        | Killed an ogre
    23 | D        | Reached skill level 5 in Shields
    23 | D        | Reached XP level 3. HP: 41/41 MP: 2/2
    23 | D        | Reached XP level 4. HP: 49/49 MP: 3/3
    27 | D        | Noticed Sigmund
    33 | D        | Killed Sigmund
    34 | D        | Reached skill level 5 in Unarmed Combat
    34 | D        | Reached XP level 5. HP: 59/59 MP: 4/4
    34 | D        | Reached XP level 6. HP: 67/67 MP: 5/5
    60 | D        | Found a burning altar of Makhleb.
    60 | D        | Found a viscous altar of Jiyva.
    60 | D        | Found a shimmering altar of Xom.
    60 | D        | Found a corrupted altar of Lugonu.
    60 | D        | Noticed a slime creature
    72 | D        | Killed a slime creature
   126 | D        | Found an ornate altar of the Wu Jian Council.
   126 | D        | Found a shimmering blue altar of Sif Muna.
   128 | D        | Found a radiant altar of Vehumet.
   150 | D        | Noticed a centaur warrior
   150 | D        | Noticed a centaur warrior
   154 | D        | Shot with an arrow by a centaur warrior

Illustrated notes

Levels and vault maps discovered:
D:        dungeon_sprint_1 [red_sonja_temple_1, red_sonja_temple_small_1]

Skill      XL: |  1  2  3  4  5  6 |
---------------+-------------------+-----
Fighting       | 3 4 6 |  6.9
Dodging        | 3 4 6 7 |  7.0
Shields        | 3 5 6 7 |  7.2
Unarmed Combat | 3 5 6 |  6.5

Action                     |  1- 3 |  4- 6 || total
---------------------------+-------+-------++-------
  Melee: Unarmed           |    12 |    18 ||    30
  Evoke: Wand              |     1 |       ||     1
 Armour: Robe              |     2 |     5 ||     7
  Dodge: Dodged            |     2 |     4 ||     6
  Block: Kite shield       |     2 |     3 ||     5

Table legend: (Time is in decaauts)
 A = Elapsed time spent in this place.
 B = Non-inter-level travel time spent in this place.
 C = Inter-level travel time spent in this place.
 D = Time resting spent in this place.
 E = Time spent auto-exploring this place.
 F = Levels seen in this place.
 G = Mean time per level.
                   A        B        C        D        E       F      G
               +--------+--------+--------+--------+--------+-----+--------+
         Total |    155 |    155 |      0 |     52 |      7 |   1 |  155.0 |
       Dungeon |    155 |    155 |      0 |     52 |      7 |   1 |  155.0 |
               +--------+--------+--------+--------+--------+-----+--------+

Top non-repeatable levels by time:
       D: 155 daAuts
